 Dungeon Crawl Stone Soup version 0.31-a0-833-gc15d34cb79 (webtiles) character file.

Game seed: 11249895333746873198

98 Kurtz the Chopper (level 4, -2/31 HPs)
             Began as an Octopode Fighter on Sept 25, 2023.
             Was a Follower of Kikubaaqudgha.
             Slain by a gnoll
             ... wielding a +0 whip
              (7 damage)
             ... on level 3 of the Dungeon.
             The game lasted 00:02:27 (1970 turns).

Kurtz the Chopper (Octopode Fighter)                Turns: 1970, Time: 00:02:28

Health: -2/31      AC:  1    Str: 15    XL:     4   Next: 69%
Magic:  4/4        EV: 12    Int: 10    God:    Kikubaaqudgha [*.....]
Gold:   123        SH:  8    Dex: 13    Spells: 3/3 levels left

rFire   . . .        a - +0 war axe
rCold   . . .        o - +0 kite shield
rNeg    + . .        (helmet restricted)
rPois   .            (no amulet)
rElec   .            r - ring of positive energy
rCorr   .            (no ring)
SInv    .            (no ring)
Will    .....        (no ring)
Stlth   ++           (no ring)
HPRegen 0.25/turn    (no ring)
MPRegen 0.09/turn    (no ring)
                     (no ring)

%: no passive effects
@: no status effects
A: almost no armour, amphibious, 8 rings, camouflage 1, gelatinous body 1,
(nimble swimmer 1), tentacles
a: Renounce Religion, Unearth Wretches


You were on level 3 of the Dungeon.
You worshipped Kikubaaqudgha.
Kikubaaqudgha was aware of your devotion.
You visited 1 branch of the dungeon, and saw 4 of its levels.

You collected 123 gold pieces.

Inventory:

Hand Weapons
 a - a +0 war axe (weapon)
Missiles
 d - 11 poisoned darts
 n - 4 atropa-tipped darts
Armour
 b - a +0 buckler
 o - a +0 kite shield (worn)
Jewellery
 p - a ring of ice
 r - a ring of positive energy (left tentacle)
Scrolls
 e - a scroll of revelation {unknown}
 f - 5 scrolls of identify {unknown}
 h - a scroll of fear {unknown}
 q - a scroll of vulnerability {unknown}
Potions
 c - a potion of might
 g - a potion of berserk rage {unknown}
 i - 2 potions of magic {unknown}
 j - a potion of ambrosia {unknown}
 k - 2 potions of mutation {unknown}
 l - a potion of curing {unknown}
 m - a potion of heal wounds {unknown}


   Skills:
 + Level 3.0 Fighting
 * Level 4.3 Axes
 - Level 3.0 Dodging
 * Level 3.1 Shields
 * Level 1.1 Necromancy


You had 3 spell levels left.
You didn't know any spells.
Your spell library contained the following spells:

 Spells                   Type           Power      Damage    Failure   Level
 Necrotise                Necr           8%         1d4       58%         1
 Kiss of Death            Conj/Necr      4%         2d5       67%         1
 Vampiric Draining        Necr           2%         2d6       92%         3
 Animate Dead             Necr           2%         N/A       100%        4


Dungeon Overview and Level Annotations

Branches:
Dungeon (4/15)
 Temple: D:4-7

Altars:
Kikubaaqudgha


Innate Abilities, Weirdness & Mutations

You cannot wear most types of armour.
You are amphibious.
You can wear up to eight rings at the same time.
Your skin changes colour to match your surroundings (Stealth+).
Your rubbery body absorbs attacks. (AC +1, EV +1)
((You are camouflaged when in or above water. (Stealth+)))
You have tentacles for arms and can constrict up to eight enemies at once.


Message History

The gnoll is heavily wounded.
You constrict the gnoll. The gnoll misses you. You block the gnoll's attack.
You hit the gnoll but do no damage. You squeeze the gnoll.
The gnoll is almost dead.
You constrict the gnoll.
You kill the gnoll!
Kikubaaqudgha accepts your kill.
No target in view!
You start resting.
Magic restored.
You climb downwards.
The gnoll closely misses you. The gnoll hits you with a +0 whip.
The gnoll hits you but does no damage.
There is a stone staircase leading up, spattered with blood here.
You slash the gnoll! You grab the gnoll. You squeeze the gnoll.
You kill the gnoll!
Kikubaaqudgha accepts your kill.
You hit the gnoll. The gnoll barely misses you.
The gnoll hits you with a +0 whip.
The gnoll hits you from afar with a +0 spear.
The gnoll hits you with a +0 whip!
The gnoll hits you from afar with a +0 spear.
You block the gnoll's attack.
You climb upwards.
There is a stone staircase leading down here.
Unknown command.
You barely miss the gnoll. Your grab misses the gnoll.
The gnoll is lightly wounded.
The gnoll hits you with a +0 whip.
* * * LOW HITPOINT WARNING * * *
Unknown command.
You hit the gnoll but do no damage. You grab the gnoll.
The gnoll is lightly wounded.
You constrict the gnoll. The gnoll barely misses you.
You block the gnoll's attack.
You barely miss the gnoll.
The gnoll is moderately wounded.
You constrict the gnoll, but do no damage.
The gnoll hits you with a +0 whip!
You die...
Kikubaaqudgha rasps: "You have failed me!
Welcome... death!"

## #.###...# .###.......#
..##.......# #........#.#
..#........##########
......####.##.......#
.##........##.......#
..########.......##.########
..# ####.##[##@##.##.....#
..#
#........g)......###.######
..# #.#...#.#####.####
#......# ..# #.#...#.#####.#
######.# ..#
#.#...........#### #.#
..#####.##.##.##.#.....# #.#
..............##.#.....#
#####.#
.........#.##..........#
#...#.#
...........##.##.#.....#
#.....#


You could see a gnoll.

Vanquished Creatures
  2 gnolls
  2 adders
  A worm (D:3)
  An orc (D:3)
  3 ball pythons
  7 bats
  7 endoplasms
  3 giant cockroaches
  6 goblins
  6 hobgoblins
  4 quokkas
  A frilled lizard (D:3)
  6 kobolds
  5 rats
54 creatures vanquished.

Vanquished Creatures (others)
  A frilled lizard (D:3)
1 creature vanquished.

Grand Total: 55 creatures vanquished

Notes
Turn   | Place    | Note
-------+----------+-------------------------------------------
     0 | D:1      | Kurtz the Octopode Fighter began the quest for the Orb.
     0 | D:1      | Reached XP level 1. HP: 16/16 MP: 1/1
    47 | D:1      | Reached XP level 2. HP: 21/21 MP: 2/2
   201 | D:1      | Reached skill level 3 in Axes
   714 | D:2      | Found a faded altar of an unknown god.
   717 | D:2      | Prayed at the altar of an unknown god.
   717 | D:2      | Became a worshipper of Kikubaaqudgha
   717 | D:2      | Reached * piety under Kikubaaqudgha
   717 | D:2      | Received a gift from Kikubaaqudgha
   751 | D:2      | Reached XP level 3. HP: 26/26 MP: 3/3
  1513 | D:3      | Reached XP level 4. HP: 30/31 MP: 4/4
  1579 | D:3      | Reached skill level 4 in Axes
  1871 | D:3      | Reached skill level 1 in Necromancy
  1970 | D:3      | Slain by a gnoll

Illustrated notes

Levels and vault maps discovered:
D:1:      wheals_arrival_linesprint, layout_rooms, roderic_nine_men_s_morris
D:2:      layout_rooms, nicolae_ecumenical_pavilion, minmay_ruptured
D:3:      layout_loops_cross, minmay_misc_feat_chi
D:4:      layout_cave_pods, uniq_ijyb, uniq_duvessa

Skill      XL: |  1  2  3  4 |
---------------+-------------+-----
Axes           | 3 4 |  4.3
Necromancy     | 1 |  1.1
Fighting       | |  3.0
Dodging        | |  3.0
Shields        | |  3.1

Action                     |  1- 3 |  4- 6 || total
---------------------------+-------+-------++-------
  Melee: War axe           |    61 |    26 ||    87
         Constrict         |    17 |     6 ||    23
         Tentacles         |     7 |     4 ||    11
         Punch             |     2 |       ||     2
 Invoke: Unearth Wretches  |     2 |     1 ||     3
   Stab: Sleeping          |    13 |     1 ||    14
         Paralysed         |     2 |     1 ||     3
 Armour: Skin              |    16 |    12 ||    28
  Dodge: Dodged            |    28 |    14 ||    42
  Block: Buckler           |     8 |       ||     8
         Kite shield       |     2 |     6 ||     8

Table legend: (Time is in decaauts)
 A = Elapsed time spent in this place.
 B = Non-inter-level travel time spent in this place.
 C = Inter-level travel time spent in this place.
 D = Time resting spent in this place.
 E = Time spent auto-exploring this place.
 F = Levels seen in this place.
 G = Mean time per level.
                   A        B        C        D        E       F      G
               +--------+--------+--------+--------+--------+-----+--------+
         Total |   2007 |   1936 |     71 |     22 |   1524 |   4 |  501.8 |
       Dungeon |   2007 |   1936 |     71 |     22 |   1524 |   4 |  501.8 |
               +--------+--------+--------+--------+--------+-----+--------+

Top non-repeatable levels by time:
     D:3: 785 daAuts
     D:1: 725 daAuts
     D:2: 457 daAuts
     D:4: 39 daAuts
